 Dungeon Crawl Stone Soup version bcrawl-1.12-5-g74a5124548 (webtiles) character file.

Game seed: 6044980046882866352

82 Morbidden the Ducker (level 4, -5/31 HPs)
             Began as a Fairy Fighter on June 1, 2019.
             Slain by a scorpion (8 damage)
             ... on level 3 of the Dungeon.
             The game lasted 00:05:10 (2041 turns).

Morbidden the Ducker (Fairy Fighter)                Turns: 2041, Time: 00:05:11

Health: -5/31      AC:  8    Str: 14    XL:     4   Next: 43%
Magic:  6/6        EV: 15    Int: 13    God:
Gold:   164        SH: 14    Dex: 11    Spells: 3/3 levels left

rFire    . . .     SeeInvis .   a - +0 long sword
rCold    . . .     Gourm    .   b - +0 shield
rNeg     . . .     Faith    .   (armour unavailable)
rPois    .         Spirit   .   k - +2 hat
rElec    .         Reflect  .   l - +0 cloak
rCorr    .         Harm     .   (no gloves)
MR       .....                  o - +0 pair of boots
Stlth    ..........             (no amulet)
HPRegen  0.10/turn              (no ring)
MPRegen  0.10/turn              (no ring)

@: lethally poisoned (-5 -> -9), flying evasively
A: small, magic attunement, unstealthy, unfitting armour, able to fly, AC/SH +4
a: Stop Flying


You were on level 3 of the Dungeon.
You were not hungry.

You visited 1 branch of the dungeon, and saw 3 of its levels.

You collected 164 gold pieces.

Inventory:

Hand Weapons
 a - a +0 long sword (weapon)
Armour
 b - a +0 shield (worn)
 k - a +2 hat (worn)
 l - a +0 cloak (worn)
 o - a +0 pair of boots (worn)
Scrolls
 e - a scroll of teleportation
 f - a scroll of fog {unknown}
 g - 2 scrolls of blinking {unknown}
 j - a scroll of remove curse
 p - a scroll of amnesia
Potions
 c - 2 potions of might
 h - 2 potions of haste
 n - 2 potions of berserk rage {unknown}
 q - a potion of curing {unknown}
Comestibles
 d - 6 rations {!d}


   Skills:
 + Level 3.0 Fighting
 + Level 2.0 Long Blades
 * Level 5.0 Dodging
 * Level 4.8 Shields


You had 3 spell levels left.
You didn't know any spells.
Your spell library was empty.

Dungeon Overview and Level Annotations

Branches:
Dungeon (3/12)

Altars:
Dithmenos


Innate Abilities, Weirdness & Mutations

Your spells do not cause hunger and MP costs are reduced by 1.
Your bright wings attract enemies. (Stealth-)
You cannot fit into any form of body armour.
Your shimmering scales are hard and can block incoming attacks. (AC +4, SH +4)
You are small and have problems with some larger weapons.
You can fly continuously.


Message History

You closely miss the scorpion.
The scorpion is almost dead.
The scorpion stings you.
You are poisoned.
The scorpion poisons you!
You barely miss the scorpion.
The scorpion is almost dead.
You feel sick. You block the scorpion's attack.
You closely miss the scorpion.
The scorpion is almost dead.
You feel sick. The scorpion stings you.
* * * LOW HITPOINT WARNING * * *
Your shield prevents you from hitting the scorpion.
The scorpion is almost dead.
You block the scorpion's attack. x2
You closely miss the scorpion.
The scorpion is almost dead.
* * * LOW HITPOINT WARNING * * *
You feel sick. The scorpion stings you!
You die...

##.##.#.#.##.######>#........#
##...<#.#.##.########.########
##..###.#.##.#...............
##......#'##.#.######.######.
...#.........# #.#
...+.........# #.#
...#.........# ######.#
.#...........# #.[รท...#
.###........## #@######
...#........##+#s####
...#........#.......#
.#.#........#.......#
.#.##########.......# .#.#
+.......# .#'#+######
#.......# ..........#
#.......# ..........#
##.......


You could see a scorpion.

Vanquished Creatures
  2 adders (D:3)
  An ooze (D:2)
  3 worms
  5 leopard geckos
  2 giant cockroaches
  6 goblins
  6 hobgoblins
  7 jackals
  2 quokkas (D:2)
  2 bats
  A frilled lizard (D:3)
  3 kobolds
  2 rats
42 creatures vanquished.

Notes
Turn   | Place    | Note
-------+----------+-------------------------------------------
     0 | D:1      | Morbidden the Fairy Fighter began the quest for the Orb.
     0 | D:1      | Reached XP level 1. HP: 15/15 MP: 3/3
   165 | D:1      | Reached XP level 2. HP: 20/20 MP: 4/4
   709 | D:1      | Found a shadowy altar of Dithmenos.
   816 | D:2      | Reached XP level 3. HP: 10/25 MP: 5/5
  1674 | D:3      | Reached XP level 4. HP: 22/31 MP: 6/6
  2026 | D:3      | Reached skill level 5 in Dodging
  2041 | D:3      | Slain by a scorpion

Skill      XL: |  1  2  3  4 |
---------------+-------------+-----
Shields        | 4 |  4.8
Fighting       | 3 |  3.0
Long Blades    | 2 |  2.0
Dodging        | 5 |  5.0

Action                   |  1- 3 |  4- 6 || total
-------------------------+-------+-------++-------
Melee: Long sword        |   149 |    61 ||   210
  Use: Scroll            |     5 |       ||     5
  Eat: Chunk             |     2 |     2 ||     4
Armor: Skin              |    26 |    13 ||    39
Dodge: Dodged            |    52 |    30 ||    82
Block: Shield            |   115 |    51 ||   166
